 Dungeon Crawl Stone Soup version 0.32-a0-42-ga30500b4d3 (webtiles) character file.

Game seed: 3801572529735115974

736 CougarLife the Cleaver (level 7, -2/64 HPs)
             Began as a Hill Orc Fighter on Feb 2, 2024.
             Was a Follower of Beogh.
             Slain by Prince Ribbit (13 damage)
             ... on level 5 of the Dungeon.
             The game lasted 00:04:47 (3536 turns).

CougarLife the Cleaver (Hill Orc Fighter)           Turns: 3536, Time: 00:04:48

Health: -2/64      AC: 12    Str: 21    XL:     7   Next: 74%
Magic:  7/7        EV:  9    Int:  8    God:    Beogh [*.....]
Gold:   252        SH:  4    Dex: 10    Spells: 6/6 levels left

rFire   . . .        a - +0 war axe
rCold   . . .        c - +0 buckler
rNeg    . . .        b - +0 scale mail
rPois   .            m - +0 helmet
rElec   .            s - +0 cloak
rCorr   +            u - +2 pair of gloves
SInv    .            (no boots)
Will    +....        (no amulet) Stlth
                     k - ring of willpower
HPRegen 0.30/turn    w - ring of resist corrosion
MPRegen 0.10/turn

%: no passive effects
@: no status effects
A: no striking features
a: Renounce Religion


You were on level 5 of the Dungeon.
You worshipped Beogh.
Beogh was aware of your devotion.
You visited 2 branches of the dungeon, and saw 6 of its levels.

You collected 252 gold pieces.

Inventory:

Hand Weapons
 a - a +0 war axe (weapon)
Missiles
 n - 10 poisoned darts (quivered)
 v - a boomerang
Armour
 b - a +0 scale mail (worn)
 c - a +0 buckler (worn)
 m - a +0 helmet (worn)
 s - a +0 cloak (worn)
 u - a +2 pair of gloves (worn)
Jewellery
 k - a ring of willpower (left hand)
 w - a ring of resist corrosion (right hand)
 C - a ring of wizardry
Wands
 p - a wand of charming (9)
 y - a wand of polymorph (4)
Scrolls
 d - a scroll of noise {unknown}
 e - 2 scrolls of teleportation {unknown}
 i - 2 scrolls of amnesia {unknown}
 j - a scroll of brand weapon {unknown}
 q - a scroll of identify {unknown}
 x - a scroll of vulnerability {unknown}
 z - 2 scrolls of enchant weapon {unknown}
 D - a scroll of immolation {unknown}
Potions
 f - a potion of lignification {unknown}
 g - a potion of haste {unknown}
 h - 2 potions of magic {unknown}
 l - a potion of heal wounds {unknown}
 o - 3 potions of curing {unknown}
 r - 2 potions of enlightenment {unknown}
 t - 2 potions of brilliance {unknown}
 A - a potion of degeneration {unknown}
 B - a potion of attraction {unknown}


   Skills:
 + Level 6.8 Fighting
 * Level 9.2 Axes
 - Level 3.2 Armour
 - Level 3.2 Shields


You had 6 spell levels left.
You didn't know any spells.
Your spell library contained the following spells:

 Spells                   Type           Power      Damage    Failure   Level
 Jinxbite                 Hex            0%         N/A       91%         2
 Yara's Violent Unravell  Hex/Alch       0%         3d3       100%        5
 Enfeeble                 Hex            0%         N/A       100%        7


Dungeon Overview and Level Annotations

Branches:
Dungeon (5/15)             Temple (1/1) D:4

Altars:
Ashenzari
Cheibriados
Elyvilon
Fedhas
Gozag
Kikubaaqudgha
Makhleb
Nemelex Xobeh
Okawaru
Qazlal
Ru
Trog
Vehumet
Xom
Yredelemnul
Zin
The Shining One

Annotations:
D:5 Prince Ribbit


Message History

The hound is almost dead.
The hound barely misses you. The hound bites you.
You barely miss the hound.
The hound is almost dead.
The hound bites you.
Prince Ribbit blinks!
The hound bites you.
You hit the hound but do no damage.
The hound is almost dead.
The hound bites you but does no damage.
You barely miss the hound.
The hound is almost dead.
The hound bites you but does no damage. You block the hound's attack.
You slash the hound!
You kill the hound!
Beogh accepts your kill.
You miss Prince Ribbit.
Prince Ribbit blinks!
There is a stone staircase leading up here.
There is a stone staircase leading up here.
Prince Ribbit hits you but does no damage.
You closely miss Prince Ribbit.
Prince Ribbit hits you but does no damage.
Prince Ribbit barely misses you.
You miss Prince Ribbit.
Prince Ribbit blinks!
Prince Ribbit says, "You're just another fly to me."
There is a stone staircase leading up here.
Prince Ribbit hits you!
You barely miss Prince Ribbit.
Prince Ribbit hits you but does no damage.
You closely miss Prince Ribbit.
Prince Ribbit hits you but does no damage.
Prince Ribbit barely misses you.
You barely miss Prince Ribbit. Prince Ribbit hits you!
You closely miss Prince Ribbit. Prince Ribbit hits you! x2
* * * LOW HITPOINT WARNING * * *
You barely miss Prince Ribbit. You block Prince Ribbit's attack.
You closely miss Prince Ribbit. Prince Ribbit barely misses you.
Prince Ribbit hits you.
* * * LOW HITPOINT WARNING * * *
You closely miss Prince Ribbit. Prince Ribbit closely misses you.
You miss Prince Ribbit. Prince Ribbit hits you!
You die...

# .# ..#
######### ...#
#.......###....#
#......<@F†....#
#.......##....$#
..^...$###
.....# .......
.....# #.##..#
##..## ...#..
...# ##...# ....
.#.#. .###


You could see Prince Ribbit.

Vanquished Creatures
  Sigmund (D:2)
  A water moccasin (D:3)
  An ogre (D:4)
  A hound (D:5)
  Crazy Yiuf (D:2)
  Ijyb (D:4)
  An iguana (D:4)
  Natasha (thrice) (D:4)
  3 orc wizards
  Robin (D:2)
  3 adders
  3 ribbon worms
  A dart slug (D:4)
  7 orcs
  6 endoplasms
  2 giant cockroaches
  15 goblins
  7 hobgoblins
  2 jackals (D:4)
  8 kobolds
  A quokka (D:1)
  7 ball pythons
  6 bats
  4 frilled lizards
  4 rats
90 creatures vanquished.

Notes
Turn   | Place    | Note
-------+----------+-------------------------------------------
     0 | D:1      | CougarLife the Hill Orc Fighter began the quest for the
                  | Orb.
     0 | D:1      | Reached XP level 1. HP: 19/19 MP: 1/1
    67 | D:1      | Reached skill level 3 in Axes
   116 | D:1      | Reached XP level 2. HP: 23/27 MP: 2/2
   262 | D:1      | You fall into a shaft and drop 1 floor!
   677 | D:1      | Reached skill level 4 in Axes
   709 | D:1      | Reached XP level 3. HP: 33/33 MP: 3/3
   976 | D:2      | Noticed Sigmund
   982 | D:2      | Killed Sigmund
   983 | D:2      | Reached skill level 5 in Fighting
   983 | D:2      | Reached skill level 6 in Axes
   983 | D:2      | Reached XP level 4. HP: 29/42 MP: 4/4
   983 | D:2      | Reached XP level 5. HP: 34/48 MP: 5/5
  1337 | D:2      | Noticed Robin
  1353 | D:2      | Killed Robin
  1354 | D:2      | Reached XP level 6. HP: 40/56 MP: 6/6
  1484 | D:2      | Found a runed translucent door.
  1485 | D:2      | Noticed Crazy Yiuf
  1597 | D:2      | Killed Crazy Yiuf
  1856 | D:3      | Noticed a water moccasin
  1873 | D:3      | Killed a water moccasin
  1874 | D:3      | Reached skill level 7 in Axes
  2000 | D:3      | Became a worshipper of Beogh the Brigand
  2009 | D:3      | Reached skill level 8 in Axes
  2009 | D:3      | Reached XP level 7. HP: 48/63 MP: 7/7
  2544 | D:4      | Noticed Natasha
  2549 | D:4      | Killed Natasha
  2570 | D:4      | Noticed Ijyb
  2586 | D:4      | Killed Ijyb
  2736 | D:4      | Found a sacrificial altar of Ru.
  2756 | D:4      | Noticed Natasha
  2760 | D:4      | Killed Natasha
  2830 | D:4      | Found a staircase to the Ecumenical Temple.
  2838 | D:4      | Reached * piety under Beogh
  2898 | D:4      | Reached skill level 9 in Axes
  3096 | D:4      | Found a broken altar of Ashenzari.
  3135 | D:4      | Noticed Natasha
  3145 | D:4      | Killed Natasha
  3480 | Temple   | Entered the Ecumenical Temple
  3506 | D:5      | Entered Level 5 of the Dungeon
  3508 | D:5      | Noticed Prince Ribbit
  3536 | D:5      | Slain by Prince Ribbit

Illustrated notes

Levels and vault maps discovered:
D:1:      ncdulo_wetmaze, layout_loops_ring
D:2:      layout_loops_ring, uniq_crazy_yiuf_cottage, uniq_sigmund, uniq_robin
D:3:      layout_rooms, grunt_ministairs_8
D:4:      layout_basic, nicolae_ru_sacrificial_ziggurat,
          mainiacjoe_overflow_alcove_4, minmay_temple_entry_glass, uniq_natasha,
          uniq_ijyb
D:5:      cheibrodos_thug_alley, layout_rooms, minmay_misc_feat_encased,
          nicolae_concentric_dashed_squares_wild, uniq_edmund,
          uniq_prince_ribbit1
Temple:   bh_familiar_temple

Skill      XL: |  1  2  3  4  5  6  7 |
---------------+----------------------+-----
Axes           | 3 4 6 8 9 |  9.2
Fighting       | 4 5 6 |  6.8
Armour         | |  3.2
Shields        | |  3.2

Action                     |  1- 3 |  4- 6 |  7- 9 || total
---------------------------+-------+-------+-------++-------
  Melee: War axe           |    97 |   100 |   132 ||   329
 Invoke: Convert to Beogh  |       |     1 |       ||     1
    Use: Potion            |       |     1 |       ||     1
 Armour: Scale mail        |    74 |    66 |    78 ||   218
  Dodge: Dodged            |    38 |    34 |    43 ||   115
  Block: Buckler           |    23 |    12 |    34 ||    69

Table legend: (Time is in decaauts)
 A = Elapsed time spent in this place.
 B = Non-inter-level travel time spent in this place.
 C = Inter-level travel time spent in this place.
 D = Time resting spent in this place.
 E = Time spent auto-exploring this place.
 F = Levels seen in this place.
 G = Mean time per level.
                   A        B        C        D        E       F      G
               +--------+--------+--------+--------+--------+-----+--------+
         Total |   3606 |   3474 |    132 |    448 |   2257 |   6 |  601.0 |
       Dungeon |   3604 |   3472 |    132 |    448 |   2257 |   5 |  720.8 |
        Temple |      1 |      1 |      0 |      0 |      0 |   1 |    1.0 |
               +--------+--------+--------+--------+--------+-----+--------+

Top non-repeatable levels by time:
     D:2: 1115 daAuts
     D:4: 1017 daAuts
     D:1: 736 daAuts
     D:3: 704 daAuts
     D:5: 30 daAuts
  Temple: 1 daAuts
